 Dungeon Crawl Stone Soup version 0.24-a0-509-ga1643a6788 (webtiles) character file.

Game seed: 13260219761439594842

7677 KristoblXynda the Carver (level 10, -1/73 HPs)
             Began as a Green Draconian Skald on July 19, 2019.
             Was a Priest of Ashenzari.
             Slain by a hippogriff (9 damage)
             ... on level 9 of the Dungeon.
             The game lasted 00:18:10 (12489 turns).

KristoblXynda the Carver (Green Draconian Skald)   Turns: 12489, Time: 00:18:11

Health: -1/73      AC: 11    Str: 14    XL:     10   Next: 99%
Magic:  15/15      EV: 15    Int: 17    God:    Ashenzari [***...]
Gold:   246        SH:  0    Dex: 10    Spells: 9/13 levels left

rFire    . . .     SeeInvis +   A - +3 scimitar
rCold    . . .     Gourm    .   (no shield)
rNeg     . . .     Faith    .   (armour unavailable)
rPois    +         Spirit   .   (helmet restricted)
rElec    .         Reflect  .   s - +1 cloak {+Inv} (curse)
rCorr    .         Harm     .   n - +1 pair of gloves (curse)
MR       .....                  (no boots)
Stlth    ++........             o - amulet of rage
HPRegen  0.22/turn              p - ring of stealth
MPRegen  0.14/turn              v - ring of flight

@: short of breath
A: breathe noxious fumes, unfitting armour, poison resistance, cold-blooded, AC
+7
a: Breathe Noxious Fumes, Curse Item, Scrying, Renounce Religion, Evoke Berserk
Rage, Evoke Invisibility, Evoke Flight


You were on level 9 of the Dungeon.
You worshipped Ashenzari.
Ashenzari was most pleased with you.
You were not hungry.

You visited 1 branch of the dungeon, and saw 9 of its levels.

You collected 342 gold pieces.
You spent 96 gold pieces at shops.

Inventory:

Hand Weapons
 m - a +1 falchion of slicing
 A - a +3 scimitar (weapon)
Missiles
 i - 2 throwing nets (quivered)
Armour
 n - a cursed +1 pair of gloves (worn)
 s - a cursed +1 cloak of invisibility (worn)
Jewellery
 d - an uncursed ring of ice
 o - an amulet of rage (around neck)
 p - a ring of stealth (left hand)
 v - a ring of flight (right hand)
Wands
 x - a wand of paralysis (2)
 y - a wand of acid (4)
Scrolls
 a - 2 scrolls of blinking
 b - a scroll of teleportation
 j - 2 scrolls of enchant armour
 k - 3 scrolls of immolation
 r - 2 scrolls of magic mapping
 w - a scroll of silence
 C - a scroll of fear {unknown}
 D - a scroll of summoning {unknown}
Potions
 e - a potion of cancellation
 f - 2 potions of resistance
 g - 4 potions of mutation
 h - 3 potions of brilliance
 l - 2 potions of flight
 q - 4 potions of curing
 t - a potion of agility
 u - a potion of heal wounds
 z - 2 potions of magic
 B - a potion of invisibility {unknown}
Comestibles
 c - 14 rations


   Skills:
 - Level 2.1 Fighting
 + Level 9.8 Long Blades
 + Level 8.2 Dodging
 - Level 2.0 Spellcasting
 + Level 8.2 Charms
 + Level 7.1 Evocations


You had 9 spell levels left.
You knew the following spells:

 Your Spells              Type           Power        Failure   Level  Hunger
a - Infusion              Chrm           ####         1%          1    #......
b - Regeneration          Chrm/Necr      ###.......   11%         3    ###....

Your spell library contained the following spells:

 Spells                   Type           Power        Failure   Level  Hunger
 Song of Slaying          Chrm           ####....     1%          2    ###....
 Shroud of Golubria       Chrm/Tloc      ###...       5%          2    ###....
 Spectral Weapon          Hex/Chrm       ###.....     11%         3    ###....
 Confusing Touch          Hex            #.....       19%         1    #......
 Confuse                  Hex            #.......     50%         3    ###....
 Gell's Gravitas          Tloc           #.........   50%         3    ###....
 Petrify                  Tmut/Erth      #.......     88%         4    #####..
 Metabolic Englaciation   Hex/Ice        #.........   99%         5    ######.
 Yara's Violent Unravell  Hex/Tmut       #.........   99%         5    ######.


Dungeon Overview and Level Annotations

Branches:
Dungeon (9/15)             Temple (0/1) D:4
   Lair: D:8-11         Orc: D:9-12

Altars:
Ashenzari
Elyvilon
Gozag
Kikubaaqudgha
Ru
Yredelemnul
The Shining One

Shops:
D:7 }

Annotations:
D:6 2 transporters, tilp's ghost, novice HOAK


Innate Abilities, Weirdness & Mutations

You can breathe blasts of noxious fumes.
Your lurid green scales are hard. (AC +7)
You cannot fit into any form of body armour.
Your system is resistant to poisons. (rPois)
You are cold-blooded and may be slowed by cold attacks.


Message History

The hippogriff is engulfed in noxious fumes.
The hippogriff appears confused.
The hippogriff bites you but does no damage.
The hippogriff closely misses you. The hippogriff claws you.
* * * LOW HITPOINT WARNING * * *
You hit the hippogriff. You tail-slap the hippogriff.
The hippogriff is heavily wounded.
The hippogriff is engulfed in noxious fumes.
The hippogriff appears confused.
The hippogriff bites you.
* * * LOW HITPOINT WARNING * * *
The hippogriff pecks you but does no damage.
The hippogriff misses you.
You strike the helpless hippogriff from behind!
You slash the hippogriff!
The hippogriff is severely wounded.
The hippogriff is engulfed in noxious fumes.
The hippogriff appears confused.
The hippogriff bites you!
* * * LOW HITPOINT WARNING * * *
The hippogriff pecks you!
You die...

, * * , + , ,
, , , , , * *
*, ,*, * * ,
** * ,* * ,
*** , * , *,
*,, * , . ,
####### , .. ,
* , #°H@.?+,
,... , ,,
#.##)<###....
* *
#............
,
#......#.###.
#.#....# # * *
#......#.# , *
#........# ,
...<...#.....#
.............#


You could see a hippogriff (confused).

Vanquished Creatures
  3 two-headed ogres
  Pikel (D:8)
  Grinder (D:3)
  A hippogriff (D:7)
  Sigmund (D:5)
  3 wraiths (D:8)
  Eustachio (D:5)
  A hungry ghost (D:7)
  Grum (D:8)
  Menkaure (D:5)
  Edmund (D:4)
  Duvessa (D:7)
  An orc warrior (D:6)
  A slave (D:7)
  3 ice beasts
  6 ogres
  A black bear (D:7)
  A phantom (D:4)
  A sky beast (D:6)
  4 centaurs
  2 wolves (D:8)
  A big kobold (D:8)
  3 bullfrogs
  Dowan (D:7)
  A scorpion (D:7)
  A water moccasin skeleton (D:3)
  6 killer bees
  2 wights (D:8)
  2 howler monkeys
  5 crimson imps
  A bullfrog skeleton (D:4)
  3 human zombies (D:8)
  Crazy Yiuf (D:4)
  4 hounds
  5 orc priests
  2 jellies
  5 orc wizards
  A human skeleton (D:8)
  3 iguanas
  7 worker ants
  2 hound skeletons
  A hound zombie (D:6)
  3 mummies (D:8)
  A howler monkey zombie (D:7)
  A worker ant zombie (D:8)
  7 adders
  4 gnolls
  A shadow imp (D:8)
  A white imp (D:6)
  4 adder skeletons (D:4)
  A worm (D:2)
  A dart slug (D:2)
  5 leopard geckos
  16 orcs
  2 bats
  9 giant cockroaches
  8 hobgoblins
  5 jackals
  7 kobolds
  3 quokkas
  2 ball pythons
  4 frilled lizards
  7 goblins
  A goblin skeleton (D:6)
  2 goblin zombies (D:6)
  A hobgoblin zombie (D:6)
  A kobold skeleton (D:6)
  A kobold zombie (D:6)
  2 orc skeletons (D:6)
  3 rats
196 creatures vanquished.

Vanquished Creatures (collateral kills)
  A giant cockroach (D:4)
1 creature vanquished.

Vanquished Creatures (others)
  2 slaves (D:8)
  A worker ant (D:8)
  An orc (D:8)
  3 kobolds (D:8)
7 creatures vanquished.

Grand Total: 204 creatures vanquished

Notes
Turn   | Place    | Note
-------+----------+-------------------------------------------
     0 | D:1      | KristoblXynda the Draconian Skald began the quest for the
                  | Orb.
     0 | D:1      | Reached XP level 1. HP: 17/17 MP: 3/3
    60 | D:1      | Found a shattered altar of Ashenzari.
    74 | D:1      | Became a worshipper of Ashenzari the Shackled
   164 | D:1      | Reached XP level 2. HP: 23/24 MP: 5/5
   544 | D:2      | Found a white marble altar of Elyvilon.
   807 | D:2      | Reached XP level 3. HP: 29/29 MP: 6/6
   918 | D:2      | Reached skill level 3 in Long Blades
  1416 | D:3      | Noticed Grinder
  1508 | D:3      | Killed Grinder
  1508 | D:3      | Reached skill level 4 in Long Blades
  1508 | D:3      | Reached XP level 4. HP: 33/36 MP: 7/7
  1508 | D:3      | Reached XP level 5. HP: 38/41 MP: 8/8
  2018 | D:3      | Reached XP level 6. HP: 29/48 MP: 9/9
  2100 | D:3      | Found an opulent altar of Gozag.
  2176 | D:3      | Found a sacrificial altar of Ru.
  2190 | D:3      | Reached skill level 5 in Long Blades
  2789 | D:4      | Reached * piety under Ashenzari
  2789 | D:4      | Found a staircase to the Ecumenical Temple.
  3281 | D:3      | Learned a level 3 spell: Regeneration
  3420 | D:4      | Your scales start taking on a lurid green colour.
  3420 | D:4      | Reached XP level 7. HP: 13/55 MP: 4/10
  3420 | D:4      | Gained mutation: Your system is resistant to poisons.
                  | (rPois) [Green Draconian growth]
  3827 | D:4      | Noticed Edmund
  3870 | D:4      | Killed Edmund
  3870 | D:4      | Reached skill level 6 in Long Blades
  4132 | D:4      | Found a runed translucent door.
  4133 | D:4      | Noticed Crazy Yiuf
  5222 | D:4      | Killed Crazy Yiuf
  5337 | D:5      | Entered Level 5 of the Dungeon
  5417 | D:5      | Reached XP level 8. HP: 23/61 MP: 11/11
  5958 | D:5      | Noticed Eustachio
  5996 | D:5      | Killed Eustachio
  5996 | D:5      | Reached skill level 5 in Charms
  5996 | D:5      | Reached skill level 1 in Evocations
  6119 | D:5      | Reached skill level 5 in Dodging
  6139 | D:5      | Reached skill level 7 in Long Blades
  6222 | D:5      | Noticed Menkaure
  6235 | D:5      | Killed Menkaure
  6730 | D:5      | Noticed Sigmund
  6738 | D:5      | Killed Sigmund
  6827 | D:6      | Found a transporter.
  6866 | D:6      | Noticed tilp's ghost (novice HOAK)
  6869 | D:6      | Found a transporter.
  6904 | D:6      | Found a glowing golden altar of the Shining One.
  7323 | D:6      | Found a shattered altar of Ashenzari.
  7348 | D:6      | Reached XP level 9. HP: 55/67 MP: 12/12
  7565 | D:6      | Reached ** piety under Ashenzari
  8004 | D:6      | Reached skill level 8 in Long Blades
  8303 | D:6      | Found a basalt altar of Yredelemnul.
  8593 | D:7      | Noticed Duvessa
  8614 | D:7      | Killed Duvessa
  8629 | D:7      | Noticed Dowan
  8644 | D:7      | Killed Dowan
  8913 | D:7      | Reached skill level 5 in Evocations
  9133 | D:7      | Noticed a two-headed ogre
  9164 | D:7      | Killed a two-headed ogre
  9253 | D:7      | Found Resamn's Gadget Shop.
  9259 | D:7      | Bought a wand of paralysis (6) for 96 gold pieces
  9570 | D:7      | Reached XP level 10. HP: 28/73 MP: 14/14
 10275 | D:8      | Noticed a two-headed ogre
 10604 | D:8      | Noticed Pikel
 10634 | D:8      | Killed Pikel
 10634 | D:8      | Reached skill level 9 in Long Blades
 10949 | D:8      | Killed a two-headed ogre
 11027 | D:8      | Noticed Grum
 11060 | D:8      | Killed Grum
 11726 | D:8      | Found an ancient bone altar of Kikubaaqudgha.
 11726 | D:8      | Reached *** piety under Ashenzari
 12451 | D:9      | Noticed a two-headed ogre
 12484 | D:9      | Killed a two-headed ogre
 12489 | D:9      | Slain by a hippogriff

Levels and vault maps discovered:
D:1:      scummos_arrival_star, layout_basic, ashenzari_altar_1
D:2:      layout_basic, old_standard_altar
D:3:      layout_basic, old_standard_altar, nicolae_ru_great_annihilating_truth,
          uniq_grinder
D:4:      layout_cave_pods, minmay_temple_entry_proselytizer,
          uniq_crazy_yiuf_cottage, uniq_edmund
D:5:      layout_basic, first_ration, kennysheep_generic_room_7, uniq_sigmund,
          uniq_menkaure, uniq_eustachio
D:6:      layout_loops_ring, old_standard_altar, lemuel_coloured_pillars_altar,
          gammafunk_ghost_arena, nicolae_tso_besieged_by_evil
D:7:      layout_basic, serial_shops, shop, nicolae_sextant, uniq_duvessa
D:8:      layout_cave_pools, lemuel_mausoleum_altar_kikubaaqudgha,
          grunt_ogre_cave, uniq_pikel, uniq_grum
D:9:      layout_stronghold, gammafunk_temple_overflow_wave,
          minmay_joined_circles

Skill      XL: |  1  2  3  4  5  6  7  8  9 10 |
---------------+-------------------------------+-----
Charms         | 3 4 5 7 8 |  8.2
Long Blades    | 4 5 6 7 8 9 |  9.8
Dodging        | 3 4 5 7 8 |  8.2
Evocations     | 3 5 7 |  7.1
Fighting       | |  2.1
Spellcasting   | |  2.0

Action                   |  1- 3 |  4- 6 |  7- 9 | 10-12 || total
-------------------------+-------+-------+-------+-------++-------
Melee: Falchion          |   110 |   169 |   447 |   273 ||   999
       Tailslap          |    12 |    22 |    70 |    51 ||   155
       Scimitar          |       |       |       |    75 ||    75
 Cast: Infusion          |       |     2 |       |       ||     2
Invok: Curse Item        |       |       |     2 |       ||     2
 Abil: Breathe Noxious F |       |       |    25 |    10 ||    35
       Evoke Berserk Rag |       |       |     1 |       ||     1
Evoke: Wand              |       |       |       |     4 ||     4
  Use: Scroll            |     8 |     1 |     7 |     1 ||    17
       Potion            |     2 |     2 |       |       ||     4
 Stab: Paralysed         |       |     2 |       |    12 ||    14
       Confused          |       |       |    15 |     6 ||    21
       Sleeping          |       |       |     2 |     6 ||     8
       Distracted        |       |       |       |     1 ||     1
  Eat: Chunk             |     1 |     6 |    25 |     5 ||    37
       Ration            |       |       |     2 |     2 ||     4
Armor: Skin              |    34 |    44 |   142 |    98 ||   318
Dodge: Dodged            |    86 |   147 |   265 |   236 ||   734
       Rpst.: Falchion   |    25 |    46 |    81 |    57 ||   209
       Scimitar          |       |       |       |    15 ||    15

Table legend:
 A = Non-vault XP
 B = Vault XP
 C = Vault XP percentage of total XP
 D = Non-vault monster count
 E = Vault monster count
 F = Vault count percentage of total count
                 A         B        C        D         E       F
            +---------+---------+-------+---------+---------+-------
      Total |    7469 |    3499 |  31.9 |     156 |      40 |  20.4
            +---------+---------+-------+---------+---------+-------
        D:1 |      19 |       0 |   0.0 |      11 |       0 |   0.0
        D:2 |      56 |       0 |   0.0 |      21 |       0 |   0.0
        D:3 |     175 |     345 |  66.3 |      18 |       5 |  21.7
        D:4 |     449 |     249 |  35.7 |      22 |       3 |  12.0
        D:5 |     379 |     604 |  61.4 |      11 |       4 |  26.7
        D:6 |    1383 |      18 |   1.3 |      23 |       9 |  28.1
        D:7 |    2142 |     223 |   9.4 |      19 |       2 |   9.5
        D:8 |    1964 |    2060 |  51.2 |      29 |      17 |  37.0
        D:9 |     902 |       0 |   0.0 |       2 |       0 |   0.0
            +---------+---------+-------+---------+---------+-------
